 Dungeon Crawl Stone Soup version 0.32-a0-470-g255bbe2 (webtiles) character file.

Game seed: 10876312768880921831

11219 skewfiend the Severer (level 11, -2/102 HPs)
             Began as a Mountain Dwarf Fighter on Feb 21, 2024.
             Was a Priest of Makhleb.
             Engulfed by an ice statue's freezing vapour (8 damage)
             ... in an ice cave on Feb 25, 2024.
             The game lasted 00:28:45 (9261 turns).

skewfiend the Severer (Mountain Dwarf Fighter)      Turns: 9261, Time: 00:28:45

Health: -2/102     AC: 18    Str: 24    XL:     11   Next: 46%
Magic:  27/27      EV:  5    Int:  5    God:    Makhleb [***...]
Gold:   767        SH: 10    Dex: 23    Spells: 10/10 levels left

rFire   . . .        B - +0 broad axe
rCold   + . .        a - +0 kite shield
rNeg    . . .        b - +0 plate armour
rPois   .            f - +0 helmet
rElec   .            r - +0 cloak
rCorr   .            J - +2 pair of gloves of Greater Demons {+Inv MP+9 Int-5 Dex+10}
SInv    .            h - +0 pair of boots
Will    +....        (no amulet) Stlth
                     g - +6 ring of strength
HPRegen 0.37/turn    I - ring of protection from cold
MPRegen 0.20/turn

%: no passive effects
@: mighty, about to teleport, studying 2 skills
A: runic magic, artefact enchanting
a: Renounce Religion, Evoke Invisibility, Minor Destruction, Lesser Servant of
Makhleb


You were in an ice cave.
You worshipped Makhleb.
Makhleb was most pleased with you.
You visited 3 branches of the dungeon, and saw 13 of its levels.
You also visited: Ice Cave.

You collected 962 gold pieces.
You spent 195 gold pieces at shops.

Inventory:

Hand Weapons
 l - a +0 trident of venom
 o - the +7 flail "Trog's Brutal Revenge" {drain, rC- Str+3 Dex+3}
   (You found it on level 2 of the Dungeon)

   Str+3:     It affects your strength (+3).
   Dex+3:     It affects your dexterity (+3).
   rC-:       It makes you vulnerable to cold.
 B - a +0 broad axe (weapon)
Missiles
 e - 97 stones
 w - 3 boomerangs
 D - 11 poisoned darts
 H - 6 javelins
 L - 2 throwing nets
 U - 6 datura-tipped darts
 X - 4 curare-tipped darts
Armour
 a - a +0 kite shield (worn)
 b - a +0 plate armour (worn)
 f - a +0 helmet (worn)
 h - a +0 pair of boots (worn)
 r - a +0 cloak (worn)
 J - the +2 pair of gloves of Greater Demons (worn) {+Inv MP+9 Int-5 Dex+10}
   (You acquired it on level 8 of the Dungeon)

   Int-5:     It affects your intelligence (-5).
   Dex+10:    It affects your dexterity (+10).
   MP+9:      It affects your magic capacity (+9).
   +Inv:      It lets you turn invisible.
Jewellery
 g - a +6 ring of strength (left hand)
 m - the ring "Zone Syo" {+Blink Fly rPois rC- rN+}
   (You took it off Grum on level 10 of the Dungeon)

   [ring of positive energy]

   rC-:       It makes you vulnerable to cold.
   rPois:     It protects you from poison rN+: It protects you from negative
   energy.
   Fly:       It grants you flight.
   +Blink:    It lets you blink.
 p - a ring of see invisible
 G - a ring of flight
 I - a ring of protection from cold (right hand)
Wands
 t - a wand of flame (4)
 P - a wand of iceblast (8)
 Z - a wand of mindburst (14)
Scrolls
 c - a scroll of brand weapon {unknown}
 v - a scroll of revelation
 x - 2 scrolls of teleportation
 y - 3 scrolls of poison
 A - a scroll of fear
 N - a scroll of silence
 Y - a scroll of blinking
Potions
 d - a potion of might
 i - 2 potions of invisibility
 j - 3 potions of brilliance
 k - 2 potions of curing
 E - 2 potions of magic
 W - a potion of enlightenment


   Skills:
 + Level 11.0 Fighting
 * Level 16.3 Axes
 - Level 3.2 Armour
 - Level 3.2 Shields
 + Level 9.5 Invocations


You had 10 spell levels left.
You didn't know any spells.
Your spell library contained the following spells:

 Spells                   Type           Power      Damage    Failure   Level
 Slow                     Hex            0%         N/A       94%         1
 Cigotuvi's Dreadful Rot  Necr/Alch/Air  0%         N/A       98%         2
 Confusing Touch          Hex            0%         N/A       100%        3
 Inner Flame              Hex/Fire       0%         N/A       100%        3
 Sigil of Binding         Hex            0%         N/A       100%        3
 Vampiric Draining        Necr           0%         2d6       100%        3
 Anguish                  Hex/Necr       0%         N/A       100%        4
 Cause Fear               Hex            0%         N/A       100%        4
 Dispel Undead            Necr           0%         3d6       100%        4
 Flame Wave               Conj/Fire      0%         2d4       100%        4
 Martyr's Knell           Necr/Summ      0%         N/A       100%        4
 Sticky Flame             Fire/Alch      0%         2d4       100%        4
 Death Channel            Necr           0%         N/A       100%        6
 Enfeeble                 Hex            0%         N/A       100%        7


Dungeon Overview and Level Annotations

Branches:
Dungeon (10/15)            Temple (1/1) D:6            Lair (2/5) D:10
  Snake (0/4) Lair:2        IceCv (1/1)
  Swamp: Lair:2-3    Shoals: Lair:2-3       Orc: D:9-12

Altars:
Ashenzari
Cheibriados
Dithmenos
Elyvilon
Fedhas
Gozag
Hepliaklqana
Kikubaaqudgha
Makhleb
Nemelex Xobeh
Okawaru
Qazlal
Ru
Sif Muna
Trog
Uskayaw
Vehumet
Wu Jian
Xom
Yredelemnul
Zin
The Shining One

Shops:
D:9 *

Annotations:
D:2 diggold
D:6 exclusion: statue
D:10 3 runed translucent doorsrust hell IceCv exclusion: 2 ice statues


Innate Abilities, Weirdness & Mutations

Your spellcasting is much less encumbered by armour.
You can use scrolls of enchantment on lesser artefacts.


Message History

The ice statue gestures.
Unknown command.
Found 4 stones and 38 gold pieces.
Unknown command.
You slice the ice statue!!
The ice statue is moderately damaged.
You slash the ice beast!
You kill the ice beast!
The ice beast disappears in a puff of smoke!
Unknown command.
You slice the ice statue!!
The ice statue is almost destroyed.
Unknown command.
You hit the ice statue but do no damage.
The ice statue is almost destroyed.
The ice statue gestures at you. The freezing blast engulfs you! You resist.
The ice statue gestures.
Unknown command.
As you read the scroll of teleportation, it crumbles to dust.
You feel strangely unstable.
You are engulfed in freezing vapours.
You resist.
* * * LOW HITPOINT WARNING * * *
The ice statue gestures at you. The shard of ice hits you!
You partially resist.
* * * LOW HITPOINT WARNING * * *
The ice beast barely misses you.
You hit the ice statue.
The ice statue is almost destroyed.
You slash the ice beast! You closely miss the ice beast.
You are engulfed in freezing vapours.
You resist.
The ice beast hits you but does no damage.
The ice beast barely misses you.
Unknown command.
You feel better.
You are engulfed in freezing vapours.
You resist.
* * * LOW HITPOINT WARNING * * *
The ice beast closely misses you.
The ice beast hits you but does no damage.
Unknown command.
You feel better.
You are engulfed in freezing vapours.
You resist.
You die... #$.....$# #/.....(# #.......# ....... ..Z..
ZWY

##I##
##.@°##
##.YY○.##
#I...°..#
#.......#
#.......#
#.......#
#....§..#
####.####
#.[§.§§.#


You could see 2 ice statues, a freezing wraith, 3 ice beasts, a three-headed
hydra simulacrum and a dire elephant simulacrum.

Vanquished Creatures
  Erolcha (D:9)
  A two-headed ogre (D:9)
  Pikel (D:7)
  An ugly thing (IceCv)
  An ice statue (IceCv)
  An unseen horror (D:10)
  A black mamba (Lair:2)
  The ghost of korenl137 the Insei, a novice OpSh (D:5)
  A troll (D:9)
  3 blink frogs (Lair:1)
  A wraith (D:8)
  4 wyverns (D:10)
  Grum (D:10)
  3 yaks (D:9)
  A steam dragon (D:9)
  A death yak simulacrum (IceCv)
  3 vampire mosquitoes (D:10)
  2 acid dragons (D:9)
  2 water moccasins (D:10)
  9 orc warriors
  2 black bears
  3 ice beasts (D:5)
  A sky beast (D:7)
  6 wolves (D:10)
  5 centaurs
  A phantom (D:5)
  3 lemures (D:7)
  5 kobold brigands
  3 bullfrogs
  Blork the orc (D:4)
  2 gnoll sergeants
  A cane toad simulacrum (IceCv)
  5 scorpions
  A wight (D:9)
  6 killer bees (D:10)
  4 howler monkeys
  A crimson imp (D:4)
  A bombardier beetle (D:6)
  2 hounds (D:7)
  3 jellies
  4 orc priests
  Crazy Yiuf (D:2)
  A sleepcap (D:5)
  An iguana (D:10)
  Terence (D:3)
  13 orc wizards
  2 polar bear simulacra (IceCv)
  A wolf simulacrum (IceCv)
  5 gnolls (D:5)
  9 adders
  2 shadow imps
  13 white imps
  A dart slug (D:4)
  2 ribbon worms
  30 orcs
  8 ball pythons
  6 bats
  7 endoplasms
  8 giant cockroaches
  8 hobgoblins
  4 jackals (D:1)
  3 quokkas
  3 frilled lizards
  3 goblins
  A goblin skeleton (D:4)
  A goblin zombie (D:4)
  2 hobgoblin zombies (D:4)
  21 kobolds
  3 kobold skeletons (D:4)
  2 kobold zombies (D:4)
  An orc skeleton (D:4)
  5 rats
267 creatures vanquished.

Notes
Turn   | Place    | Note
-------+----------+-------------------------------------------
     0 | D:1      | skewfiend the Mountain Dwarf Fighter began the quest for
                  | the Orb.
     0 | D:1      | Reached XP level 1. HP: 19/19 MP: 1/1
    64 | D:1      | You fall into a shaft and drop 1 floor!
   111 | D:1      | Reached XP level 2. HP: 27/27 MP: 2/2
   116 | D:1      | Reached skill level 3 in Axes
   446 | D:1      | Found a faded altar of an unknown god.
   697 | D:1      | Reached XP level 3. HP: 33/33 MP: 3/3
   833 | D:1      | Upgraded the game from 0.32-a0-422-g28b100f to
                  | 0.32-a0-470-g255bbe2
  1025 | D:2      | Reached skill level 4 in Axes
  1092 | D:2      | Identified the +6 flail "Trog's Brutal Revenge" {drain, rC-
                  | Str+3 Dex+3}
  1181 | D:2      | Reached XP level 4. HP: 31/40 MP: 4/4
  1587 | D:2      | Found a runed translucent door.
  1588 | D:2      | Noticed Crazy Yiuf
  1593 | D:2      | Killed Crazy Yiuf
  1594 | D:2      | Reached skill level 5 in Axes
  1716 | D:3      | Noticed Terence
  1727 | D:3      | Killed Terence
  1728 | D:3      | Reached XP level 5. HP: 34/45 MP: 5/5
  1957 | D:3      | Found an opulent altar of Gozag.
  2142 | D:3      | Reached skill level 6 in Axes
  2677 | D:4      | Found a sacrificial altar of Ru.
  2778 | D:4      | Found a glowing golden altar of the Shining One.
  2786 | D:4      | Reached XP level 6. HP: 53/53 MP: 6/6
  2808 | D:4      | Reached skill level 7 in Axes
  2868 | D:4      | Noticed Blork the orc
  2913 | D:4      | Reached skill level 5 in Fighting
  3336 | D:4      | Killed Blork the orc
  3342 | D:4      | Found a shimmering blue altar of Sif Muna.
  3400 | D:5      | Entered Level 5 of the Dungeon
  3425 | D:5      | Noticed an ice beast
  3429 | D:5      | Reached skill level 8 in Axes
  3429 | D:5      | Reached XP level 7. HP: 60/61 MP: 7/7
  3641 | D:5      | Reached skill level 9 in Axes
  3915 | D:5      | Identified 3 scrolls of acquirement
  3915 | D:5      | Acquired a manual of Armour
  3987 | D:5      | Reached XP level 8. HP: 71/71 MP: 8/8
  4035 | D:5      | Found a runed translucent door.
  4040 | D:5      | Noticed korenl137's ghost (novice OpSh)
  4223 | D:5      | Killed korenl137's ghost
  4224 | D:5      | Reached skill level 10 in Axes
  4320 | D:6      | Found a radiant altar of Vehumet.
  4421 | D:6      | Found a staircase to the Ecumenical Temple.
  4439 | D:6      | Found a broken altar of Ashenzari.
  4523 | D:6      | Found a shimmering altar of Xom.
  4542 | D:6      | Reached skill level 11 in Axes
  4928 | Temple   | Entered the Ecumenical Temple
  4973 | Temple   | Became a worshipper of Makhleb the Destroyer
  5125 | D:7      | Reached skill level 1 in Invocations
  5199 | D:7      | Reached XP level 9. HP: 65/81 MP: 10/10
  5362 | D:7      | Found a snail-covered altar of Cheibriados.
  5520 | D:7      | Reached skill level 12 in Axes
  5610 | D:7      | Noticed Pikel
  5636 | D:7      | Killed Pikel
  5741 | D:7      | Found a sparkling altar of Nemelex Xobeh.
  6019 | D:8      | Acquired a manual of Dodging
  6021 | D:8      | Acquired the +2 pair of gloves of Greater Demons {+Inv MP+9
                  | Int-5 Dex+10}
  6391 | D:9      | Reached * piety under Makhleb
  6500 | D:9      | Reached skill level 13 in Axes
  6500 | D:9      | Reached skill level 5 in Invocations
  6866 | D:9      | Noticed a two-headed ogre
  6888 | D:9      | Killed a two-headed ogre
  6889 | D:9      | Reached XP level 10. HP: 83/91 MP: 14/14
  7095 | D:9      | Reached skill level 14 in Axes
  7180 | D:9      | Found Vusiunuy's General Store.
  7188 | D:9      | Bought a scroll of blinking for 105 gold pieces
  7229 | D:9      | Noticed Erolcha
  7244 | D:9      | Killed Erolcha
  7272 | D:9      | Reached skill level 10 in Fighting
  7347 | D:9      | Found a hazy altar of Hepliaklqana.
  7530 | D:10     | Entered Level 10 of the Dungeon
  7547 | D:10     | Reached ** piety under Makhleb
  7550 | D:10     | Reached skill level 15 in Axes
  7670 | D:10     | Noticed Grum
  7711 | D:10     | Reached XP level 11. HP: 37/101 MP: 17/17
  8098 | D:10     | Found a runed translucent gate.
  8098 | D:10     | Found a runed translucent gate.
  8099 | D:10     | Found a runed translucent gate.
  8153 | D:10     | Found a staircase to the Lair.
  8368 | D:10     | Found a basalt altar of Yredelemnul.
  8368 | D:10     | Identified the ring "Zone Syo" {+Blink Fly rPois rC- rN+}
  8381 | D:10     | Killed Grum
  8416 | D:10     | Found Zin's Purification Station.
  8416 | D:10     | Found a glowing silver altar of Zin.
  8421 | D:10     | Bought a potion of curing for 90 gold pieces
  8730 | Lair:1   | Entered Level 1 of the Lair of Beasts
  8764 | Lair:1   | Reached skill level 16 in Axes
  8839 | Lair:1   | You fall into a shaft and drop 1 floor!
  8855 | Lair:2   | Found a frozen archway.
  8874 | Lair:2   | Reached *** piety under Makhleb
  9058 | IceCv    | Entered an ice cave
  9098 | IceCv    | Noticed a white ugly thing
  9116 | IceCv    | Killed a white ugly thing
  9260 | IceCv    | HP: 1/102 [ice statue] (10)]
  9261 | IceCv    | Engulfed by an ice statue's freezing vapour

Illustrated notes

Levels and vault maps discovered:
D:1:      dpeg_arrival_rooms_a, layout_basic,
          hellmonk_ecumenical_altar_dog_temple
D:2:      minmay_wonky_spiral, layout_rooms, interstate_on_off,
          minmay_statues_item, uniq_crazy_yiuf_cottage
D:3:      layout_basic, mainiacjoe_overflow_catwalk, minmay_increasing_density,
          uniq_terence
D:4:      layout_basic, nicolae_tso_besieged_by_evil, tgw_sif,
          nicolae_ru_path_of_blood
D:5:      layout_gridville, ebering_ghost_reflecting_pool,
          serial_bayou_lagoon_a, minmay_door_square
D:6:      layout_basic, vehumet_statue, nicolae_ashenzari_panopticon,
          xom_teletrap_fun, temple_pool_b, uniq_blork_the_orc
D:7:      layout_rooms, lemuel_crystal_altar, nemelex_diamond_rough_becter,
          uniq_pikel
D:8:      layout_cave_pools
D:9:      minmay_polygon_palace, layout_cave_pools, amcnicky_altar_gilded,
          serial_shops, shop, uniq_erolcha
D:10:     cheibrodos_iron_armory, layout_loops_ring, zin_purify,
          mainiacjoe_overflow_paths, minmay_lair_entry_grove, uniq_grum
Temple:   zaba_magenta_temple
Lair:1:   layout_layer_cave, lemuel_fruit_tree, infiniplex_staircase_pool_2,
          uniq_urug
Lair:2:   layout_small_grid, dummy_snake_entry, portal_ice_cave_entry_imps,
          special_room [special_room_bee]
IceCv:    ice_cave_statue_garden_chambered

Skill      XL: |  1  2  3  4  5  6  7  8  9 10 11 |
---------------+----------------------------------+-----
Axes           | 3 4 5 6 8 9 11 13 15 16 | 16.3
Fighting       | 4 5 6 7 9 10 11 | 11.0
Invocations    | 2 6 8 9 |  9.5
Armour         | |  3.2
Shields        | |  3.2

Action                     |  1- 3 |  4- 6 |  7- 9 | 10-12 || total
---------------------------+-------+-------+-------+-------++-------
  Melee: War axe           |   107 |    33 |       |       ||   140
         Flail             |       |   102 |   210 |   206 ||   518
         Broad axe         |       |       |       |    45 ||    45
  Throw: Stone             |       |       |     7 |       ||     7
         Dart              |       |       |       |     2 ||     2
 Invoke: Minor Destruction |       |       |       |     9 ||     9
  Evoke: Wand              |       |     6 |     4 |     3 ||    13
    Use: Scroll            |       |       |    18 |     9 ||    27
         Potion            |       |       |     2 |     6 ||     8
 Armour: Scale mail        |    71 |    42 |       |       ||   113
         Chain mail        |       |    32 |   141 |     4 ||   177
         Plate armour      |       |       |       |   215 ||   215
  Dodge: Dodged            |    53 |    49 |    45 |    57 ||   204
  Block: Buckler           |    20 |    22 |    31 |       ||    73
         Kite shield       |       |       |    49 |   156 ||   205

Table legend: (Time is in decaauts)
 A = Elapsed time spent in this place.
 B = Non-inter-level travel time spent in this place.
 C = Inter-level travel time spent in this place.
 D = Time resting spent in this place.
 E = Time spent auto-exploring this place.
 F = Levels seen in this place.
 G = Mean time per level.
                   A        B        C        D        E       F      G
               +--------+--------+--------+--------+--------+-----+--------+
         Total |   9370 |   8835 |    535 |    525 |   6477 |  14 |  669.3 |
       Dungeon |   8784 |   8318 |    466 |    347 |   6302 |  10 |  878.4 |
        Temple |     58 |      1 |     57 |      0 |      0 |   1 |   58.0 |
          Lair |    328 |    317 |     11 |    174 |     78 |   2 |  164.0 |
      Ice Cave |    199 |    199 |      0 |      4 |     96 |   1 |  199.0 |
               +--------+--------+--------+--------+--------+-----+--------+

Top non-repeatable levels by time:
    D:10: 1202 daAuts
     D:9: 1196 daAuts
     D:4: 927 daAuts
     D:5: 907 daAuts
     D:2: 881 daAuts
     D:3: 834 daAuts
     D:1: 824 daAuts
     D:7: 758 daAuts
     D:6: 674 daAuts
     D:8: 576 daAuts
  Lair:2: 216 daAuts
   IceCv: 199 daAuts
  Lair:1: 112 daAuts
  Temple: 58 daAuts
